 Dungeon Crawl Stone Soup version 0.27.1-4-g1640c2035a (webtiles) character file.

Game seed: 18341527842499420383

121 Nixze the Conjurer (level 5, -1/54 HPs)
             Began as an Octopode Conjurer on Nov 17, 2021.
             Slain by an adder (4 damage)
             ... on level 3 of the Dungeon.
             The game lasted 00:11:59 (2905 turns).

Nixze the Conjurer (Octopode Conjurer)              Turns: 2905, Time: 00:12:00

Health: -1/54      AC:  1    Str:  6    XL:     5   Next: 5%
Magic:  7/8        EV: 13    Int: 21    God:
Gold:   61         SH:  0    Dex: 11    Spells: 5/8 levels left

rFire    . . .     SeeInvis .   a - +0 dagger
rCold    . . .     Faith    .   (no shield)
rNeg     . . .     Spirit   .   (helmet restricted)
rPois    .         Reflect  .   (no amulet)
rElec    .         Harm     .   (no ring)
rCorr    .         Rampage  .   (no ring)
Will     .....                  (no ring)
Stlth    ..........             (no ring)
HPRegen  0.18/turn              (no ring)
MPRegen  0.11/turn              (no ring)
                                (no ring)
                                (no ring)

@: berserking, very quick
A: almost no armour, amphibious, 8 rings, camouflage 1, gelatinous body 1,
(nimble swimmer 1), tentacles
a: no special abilities


You were on level 3 of the Dungeon.
You visited 1 branch of the dungeon, and saw 4 of its levels.

You collected 61 gold pieces.

Inventory:

Hand Weapons
 a - a +0 dagger (weapon)
 b - a +0 hunting sling
 k - a +0 spear
Missiles
 c - 84 stones
 e - 7 curare-tipped darts
Armour
 g - a +0 buckler
Scrolls
 d - a scroll of enchant armour {unknown}
 f - 2 scrolls of teleportation {unknown}
 i - a scroll of brand weapon {unknown}
 l - 2 scrolls of holy word {unknown}
 n - a scroll of vulnerability {unknown}
 o - a scroll of acquirement {unknown}
 q - a scroll of identify {unknown}
Potions
 j - a potion of heal wounds {unknown}
 m - a potion of haste {unknown}
 p - a potion of cancellation {unknown}


   Skills:
 - Level 3.0 Fighting
 - Level 2.0 Dodging
 - Level 2.6 Stealth
 * Level 3.1 Shields
 - Level 2.0 Spellcasting
 - Level 4.0 Conjurations


You had 5 spell levels left.
You knew the following spells:

 Your Spells              Type           Power      Damage    Failure   Level
a - Magic Dart            Conj           72%        1d6       2%          1
b - Searing Ray           Conj           36%        3d4       4%          2

Your spell library contained the following spells:

 Spells                   Type           Power      Damage    Failure   Level
 Dazzling Flash           Conj/Hex       20%        N/A       19%         3
 Fulminant Prism          Conj/Hex       5%         3d7       54%         4
 Iskenderun's Mystic Bla  Conj/Tloc      10%        2d4       54%         4


Dungeon Overview and Level Annotations

Branches:
Dungeon (4/15)
 Temple: D:4-7

Altars:


Innate Abilities, Weirdness & Mutations

You cannot wear most types of armour.
You are amphibious.
You can wear up to eight rings at the same time.
Your skin changes colour to match your surroundings (Stealth+).
Your rubbery body absorbs attacks. (AC +1, EV +1)
((You are camouflaged near water. (Stealth+)))
You have tentacles for arms and can constrict up to eight enemies at once.


Message History

You climb downwards.
You feel sick.
There is a stone staircase leading up here.
You feel sick. The adder bites you.
You are more poisoned.
The adder poisons you!
You feel sick.
You feel sick.
You feel sick. The adder barely misses you.
The dart slug bites the plant.
You feel sick. The adder completely misses you.
You feel sick.
You feel sick.
The orc shouts!
A nearby plant withers and dies.
The adder barely misses you.
You feel sick.
You are no longer poisoned.
The adder bites you.
You are poisoned.
The adder poisons you!
You feel sick. The adder barely misses you.
Okay, then.
You feel sick.
You feel sick. The dart slug launches a dart at you. The slug dart hits you.
* * * LOW HITPOINT WARNING * * *
The adder closely misses you.
You feel sick. The dart slug launches a dart at you. The slug dart hits you.
* * * LOW HITPOINT WARNING * * *
* * * LOW HITPOINT WARNING * * *
You feel sick. The adder closely misses you.
* * * LOW HITPOINT WARNING * * *
You feel sick.
It was a potion of berserk rage.
A red film seems to cover your vision as you go berserk!
You feel yourself moving faster!
You feel mighty!
You feel sick.
You are no longer poisoned.
The adder bites you.
You die...

#.....# #.####### #.......#
#####...# ###
#################...####..
########................)........
#........###############.....##..
#####........####......#.)..####.
##########..)...@......)...## #.
.........#.######S.........# ##.
......≈≈≈..P.#.........##### #..
....≈≈≈♣P≈P≈≈≈≈.#......########..
....≈P≈≈≈≈≈≈♣≈≈≈.≈...............
.....P≈≈P))♣≈♣≈PP≈P....##........
.........)≈oo≈≈♣≈PP≈......##....#
.........#w≈)♣≈♣≈≈≈P[#.#####....#
####<###..≈≈≈≈♣♣≈≈≈......###.....


You could see an adder.

Vanquished Creatures
  4 gnolls (D:3)
  An adder (D:2)
  An adder skeleton (D:3)
  A worm (D:2)
  2 orcs
  5 ball pythons
  4 bats
  3 endoplasms
  3 giant cockroaches
  5 goblins
  4 hobgoblins
  9 jackals
  4 quokkas
  2 frilled lizards
  8 kobolds
  5 rats
61 creatures vanquished.

Vanquished Creatures (others)
  38 plants (D:3)
38 creatures vanquished.

Grand Total: 99 creatures vanquished

Notes
Turn   | Place    | Note
-------+----------+-------------------------------------------
     0 | D:1      | Nixze the Octopode Conjurer began the quest for the Orb.
     0 | D:1      | Reached XP level 1. HP: 11/11 MP: 3/3
   227 | D:1      | Reached skill level 1 in Fighting
   366 | D:1      | Reached XP level 2. HP: 18/18 MP: 1/5
   596 | D:1      | Learned a level 2 spell: Searing Ray
   895 | D:1      | Reached XP level 3. HP: 25/25 MP: 4/6
  1076 | D:1      | Reached skill level 1 in Shields
  2060 | D:2      | Reached XP level 4. HP: 30/30 MP: 1/7
  2121 | D:2      | You fall into a shaft and drop 2 floors!
  2766 | D:3      | Reached XP level 5. HP: 36/36 MP: 2/8
  2905 | D:3      | Slain by an adder

Illustrated notes

Levels and vault maps discovered:
D:1:      saegor_arrival_under_anarchy, layout_loops_ring, supply_closet_lemuel
D:2:      layout_basic, shapermc_ecumenical_altar_starsandcircs,
          minmay_pentomino_s2
D:3:      layout_rooms, serial_bayou, serial_bayou_pond_a,
          serial_bayou_crossing, serial_bayou_pond_d, serial_bayou_shore_b,
          serial_bayou_lagoon_a
D:4:      layout_basic

Skill      XL: |  1  2  3  4 |
---------------+-------------+-----
Fighting       | 1 2 3 |  3.0
Shields        | 2 3 |  3.1
Dodging        | |  2.0
Stealth        | |  2.6
Spellcasting   | |  2.0
Conjurations   | |  4.0

Action                   |  1- 3 |  4- 6 || total
-------------------------+-------+-------++-------
Melee: Unarmed           |    10 |       ||    10
       Tentacles         |     6 |     1 ||     7
       Dagger            |    11 |    16 ||    27
       Constrict         |     5 |     6 ||    11
 Cast: Magic Dart        |    82 |    37 ||   119
       Searing Ray       |     3 |     1 ||     4
  Use: Potion            |       |     1 ||     1
Armor: Skin              |     4 |     1 ||     5
Dodge: Dodged            |    10 |    18 ||    28
